 Dungeon Crawl Stone Soup version 0.30-a0-1074-g5db6f66fbb (webtiles) character file.

Game seed: 17585603590187356453

539 Newt the Skirmisher (level 7, -3/44 HPs)
             Began as a Kobold Hunter on Apr 13, 2023.
             Slain by Duvessa
             ... wielding a +6 vampiric rapier
              (13 damage)
             ... on level 4 of the Dungeon.
             The game lasted 00:03:39 (3308 turns).

Newt the Skirmisher (Kobold Hunter)                 Turns: 3308, Time: 00:03:40

Health: -3/44      AC:  6    Str: 12    XL:     7   Next: 51%
Magic:  7/7        EV: 15    Int: 10    God:
Gold:   110        SH:  0    Dex: 20    Spells: 6/6 levels left

rFire   . . .      SeeInvis .    a - +0 shortbow
rCold   . . .      Faith    .    (shield currently unavailable)
rNeg    . . .      Spirit   .    c - +0 leather armour
rPois   .          Reflect  .    (no helmet)
rElec   .          Rampage  .    (no cloak)
rCorr   .                        f - +2 pair of gloves {Str+3}
Will    .....                    (no boots)
Stlth   +++                      m - amulet of magic regeneration
HPRegen 0.27/turn                (no ring)
MPRegen 0.50/turn                (no ring)

@: no status effects
A: small, no large weapons, nightstalker 3
a: no special abilities


You were on level 4 of the Dungeon.
You visited 1 branch of the dungeon, and saw 4 of its levels.
You also visited: Sewer.

You collected 110 gold pieces.

Inventory:

Hand Weapons
 a - a +0 shortbow (weapon)
 h - a +0 sling
Armour
 c - a +0 leather armour (worn)
 f - a +2 pair of gloves of strength (worn)
 k - a +0 kite shield
Jewellery
 m - an amulet of magic regeneration (around neck)
 p - a +4 ring of protection
Wands
 j - a wand of flame (9)
Scrolls
 b - a scroll of immolation
 i - a scroll of teleportation
 u - a scroll of magic mapping
Potions
 d - a potion of might
 g - a potion of brilliance
 l - a potion of magic {unknown}
 n - a potion of attraction {unknown}
 o - a potion of flight {unknown}
 q - a potion of haste {unknown}
 s - a potion of curing {unknown}
 v - a potion of mutation {unknown}


   Skills:
 - Level 5.0 Fighting
 + Level 9.8 Ranged Weapons
 - Level 2.4 Dodging
 - Level 1.3 Stealth


You had 6 spell levels left.
You didn't know any spells.
Your spell library contained the following spells:

 Spells                   Type           Power      Damage    Failure   Level
 Cigotuvi's Dreadful Rot  Necr/Pois/Air  0%         N/A       58%         2
 Ignite Poison            Fire/Tmut/Pois 0%         N/A       82%         3
 Freezing Cloud           Conj/Ice/Air   0%         6-21      100%        5
 Conjure Ball Lightning   Conj/Air       0%         3x3d6     100%        6
 Discord                  Hex            0%         N/A       100%        8
 Disjunction              Tloc           0%         N/A       100%        8


Dungeon Overview and Level Annotations

Branches:
Dungeon (4/15)              Sewer (visited)
 Temple: D:4-7

Altars:

Shops:
D:1 (   D:4 (

Annotations:
D:4 Duvessa


Innate Abilities, Weirdness & Mutations

You are small and have problems with some larger weapons.
You are completely attuned to the shadows.


Message History

Duvessa is moderately wounded.
Duvessa barely misses you.
You shoot an arrow.
The arrow hits Duvessa but does no damage.
Duvessa is moderately wounded.
Duvessa hits you with a +6 vampiric rapier.
You shoot an arrow. The arrow hits Duvessa.
Duvessa is heavily wounded.
Duvessa barely misses you.
You shoot an arrow. The arrow barely misses Duvessa.
Duvessa hits you with a +6 vampiric rapier.
Duvessa draws strength from your wounds!
You shoot an arrow. The arrow hits Duvessa.
Duvessa is heavily wounded.
Duvessa hits you with a +6 vampiric rapier!
You are too injured to fight recklessly!
You are too injured to fight recklessly!
You shoot an arrow.
The arrow hits Duvessa but does no damage.
Duvessa is heavily wounded.
Duvessa hits you with a +6 vampiric rapier.
* * * LOW HITPOINT WARNING * * *
Duvessa draws strength from your wounds!
Duvessa shouts!
You flicker for a moment.
You flicker back into view.
Duvessa goes berserk!
Duvessa hits you with a +6 vampiric rapier!
* * * LOW HITPOINT WARNING * * *
You feel much better.
Duvessa hits you with a +6 vampiric rapier.
Duvessa draws strength from your wounds!
You can't see any enemies this would affect, really read the scroll of fear?
As you read the scroll of fear, it crumbles to dust.
You assume a fearsome visage.
Duvessa is unaffected.
Duvessa hits you with a +6 vampiric rapier!
* * * LOW HITPOINT WARNING * * *
Duvessa draws strength from your wounds!
Duvessa hits you with a +6 vampiric rapier!
You die...

*,,,,,,*#....########.##
,,,,,,*##.##.########.##
*,,,,,*#...............#
*,,,,,*#..........##..##
..,****#..............#
#.######..##########..#
#.........###### #..#
#......#.......#####..#
#...<..#.......e@..#..#
....)..##......#####.##
...#.#....###### #.#
...#†#.##.##########.#
...#.#.##............#
..†#.#.#####..##....##
.....#.# #..#######
#.####.#** #..#
...,,,,,,* #..#


You could see Duvessa (berserk).

Vanquished Creatures
  Sigmund (D:3)
  A water moccasin (Sewer)
  Dowan (D:4)
  A hound (D:4)
  An orc wizard (D:3)
  A river rat (D:4)
  7 adders
  4 worms
  2 dart slugs
  8 orcs
  7 ball pythons
  2 bats
  8 endoplasms
  3 giant cockroaches
  5 goblins
  7 hobgoblins
  5 jackals
  7 kobolds
  3 quokkas
  6 frilled lizards
  9 rats
89 creatures vanquished.

Notes
Turn   | Place    | Note
-------+----------+-------------------------------------------
     0 | D:1      | Newt the Kobold Hunter began the quest for the Orb.
     0 | D:1      | Reached XP level 1. HP: 12/12 MP: 1/1
    75 | D:1      | Reached XP level 2. HP: 18/18 MP: 2/2
   237 | D:1      | Reached XP level 3. HP: 12/23 MP: 3/3
   291 | D:1      | Found Saotes's Weapon Emporium.
  1042 | D:2      | Reached XP level 4. HP: 13/30 MP: 4/4
  1576 | D:3      | Noticed Sigmund
  1579 | D:3      | Killed Sigmund
  1580 | D:3      | Reached skill level 5 in Fighting
  1580 | D:3      | Reached skill level 7 in Ranged Weapons
  1580 | D:3      | Reached XP level 5. HP: 32/35 MP: 5/5
  1580 | D:3      | Reached XP level 6. HP: 37/40 MP: 6/6
  1836 | D:3      | Reached skill level 8 in Ranged Weapons
  2719 | D:4      | Found Pepna's Weapon Emporium.
  2825 | D:4      | Found a glowing drain.
  2836 | Sewer    | Entered a sewer
  2875 | Sewer    | Noticed a water moccasin
  2885 | Sewer    | Killed a water moccasin
  2886 | Sewer    | Reached skill level 9 in Ranged Weapons
  2886 | Sewer    | Reached XP level 7. HP: 42/44 MP: 7/7
  3247 | D:4      | Noticed Duvessa
  3248 | D:4      | Noticed Dowan
  3267 | D:4      | Killed Dowan
  3308 | D:4      | Slain by Duvessa

Illustrated notes

Levels and vault maps discovered:
D:1:      ebering_hopf_link, layout_basic, serial_shops,
          nicolae_shop_advertising_works [nicolae_subvault_shop_adworks]
D:2:      layout_rooms, kennysheep_generic_room_4
D:3:      layout_basic, shapermc_ecumenical_altar_petra,
          minmay_misc_feat_enclosed, uniq_sigmund
D:4:      layout_basic, serial_shops, nicolae_shop_bloodbath_and_beyond,
          lightli_sewer_entry_pipes, chequers_jeans, uniq_pargi, uniq_duvessa,
          uniq_pikel

Skill      XL: |  1  2  3  4  5  6 |
---------------+-------------------+-----
Fighting       | 3 4 5 |  5.0
Ranged Weapons | 7 9 |  9.8
Dodging        | |  2.4
Stealth        | |  1.3

Action                     |  1- 3 |  4- 6 |  7- 9 || total
---------------------------+-------+-------+-------++-------
  Melee: Shortbow          |       |     1 |       ||     1
   Fire: Shortbow          |    84 |   140 |    45 ||   269
    Use: Scroll            |     2 |     5 |     3 ||    10
         Potion            |       |       |     3 ||     3
 Armour: Leather armour    |    14 |    24 |     3 ||    41
  Dodge: Dodged            |    35 |    59 |    21 ||   115

Table legend: (Time is in decaauts)
 A = Elapsed time spent in this place.
 B = Non-inter-level travel time spent in this place.
 C = Inter-level travel time spent in this place.
 D = Time resting spent in this place.
 E = Time spent auto-exploring this place.
 F = Levels seen in this place.
 G = Mean time per level.
                   A        B        C        D        E       F      G
               +--------+--------+--------+--------+--------+-----+--------+
         Total |   3446 |   3267 |    179 |    298 |   2313 |   5 |  689.2 |
       Dungeon |   3180 |   3001 |    179 |    298 |   2109 |   4 |  795.0 |
         Sewer |    266 |    266 |      0 |      0 |    203 |   1 |  266.0 |
               +--------+--------+--------+--------+--------+-----+--------+

Top non-repeatable levels by time:
     D:3: 1128 daAuts
     D:1: 848 daAuts
     D:2: 772 daAuts
     D:4: 432 daAuts
   Sewer: 266 daAuts
